AoeStats
← Okiloki

Arabia

510458864Analyzed
1v1 RM · 1d ago on Oct 1, 2026· 20m 7s· 2 players
Game mode
Random Map
Map size
Tiny (2 player)
Population
200
Speed
Normal
Resources
Standard
Victory
Conquest
Starting age
Dark Age
Ending age
Imperial Age
RankedLock teamsTeams togetherTeam positionsShared explorationLock speedFull tech treeHidden civsTurbo modeCheats
Victory
Defeat
🇺🇸 Romans · United States
1124
+15
🇺🇸 Khitans · United States
1099
-15
Okiloki
7:35 Loom
10:23 Feudal Age
13:11 Double-Bit Axe
17:23 Forging
kithkin
5:54 Loom
9:13 Feudal Age
9:35 Man-at-Arms
11:43 Scale Mail Armor
13:56 Fletching
22:29 Castle Age
Connection lost

Rejoining the realm…

Still unreachable

The connection could not be restored.

Session expired

The server has moved on; the page needs a fresh start.